General information
- name: BNet
- type: Ladder team game (AT/RT)
- host: Battle.net
- saver: KuKuKu
map: Cherryville
- players: 8
- length: 33:25
- speed: Fast
- version: 1.26 W3XP
- replay type: Public
» download(210 KB)
Players
team 1 (winner)
Xzar-aneski (
orange | 50 APM | 1257 actions | 25:00)
9 Death Knight
3 Death Coil
3 Unholy Aura
1 Animate Dead
2 Death Pact
» actions
| Basic commands | 5 | |
| Build / train | 75 | |
| Enter build submenu | 43 | |
| Enter hero's abilities submenu | 10 | |
| Give item / drop item | 1 | |
| Remove unit from queue | 3 | |
| Right click | 695 | |
| Select / deselect | 347 | |
| Use ability | 78 | |
1257 total
» units
| Acolyte | 8 | |
| Ghoul | 6 | |
| Crypt Fiend | 21 | |
| Frost Wyrm | 5 | |
40 total
» upgrades
| Creature Attack | 3 | |
| Creature Carapace | 3 | |
| Web | 1 | |
7 total
» buildings
| Ziggurat | 20 | |
| Altar of Darkness | 2 | |
| Crypt | 2 | |
| Graveyard | 2 | |
| Nerubian Tower | 2 | |
| Tomb of Relics | 1 | |
| Spirit Tower | 3 | |
| Necropolis | 2 | |
| Halls of the Dead | 3 | |
| Black Citadel | 1 | |
| Sacrificial Pit | 1 | |
| Boneyard | 2 | |
41 total
» build order
00:09 Ziggurat
00:11 Altar of Darkness
00:52 Crypt
01:00 Graveyard
01:10 Nerubian Tower
01:24 Ziggurat
01:47 Tomb of Relics
02:37 Ziggurat
04:53 Spirit Tower
05:05 Ziggurat
06:21 Necropolis
07:56 Halls of the Dead
08:22 Ziggurat
08:28 Ziggurat
08:41 Ziggurat
10:15 Nerubian Tower
10:17 Spirit Tower
10:20 Ziggurat
10:45 Black Citadel
13:29 Halls of the Dead
14:41 Ziggurat
14:43 Ziggurat
14:45 Ziggurat
14:48 Crypt
14:57 Ziggurat
15:58 Graveyard
16:36 Necropolis
17:31 Ziggurat
18:23 Halls of the Dead
20:51 Altar of Darkness
22:33 Black Citadel
24:59 Sacrificial Pit
25:00 Ziggurat
» items
| Rod of Necromancy | 1 | |
| Scroll of Town Portal | 3 | |
4 total
KuKuKu (
pink | 135 APM | 3377 actions | 25:00)
7 Blood Mage
3 Flame Strike
3 Siphon Mana
1 Summon Phoenix
» actions
| Assign group hotkey | 58 | |
| Basic commands | 167 | |
| Build / train | 183 | |
| ESC pressed | 8 | |
| Enter build submenu | 57 | |
| Enter hero's abilities submenu | 7 | |
| Give item / drop item | 7 | |
| Right click | 1247 | |
| Select / deselect | 427 | |
| Select group hotkey | 964 | |
| Use ability | 252 | |
3377 total
» units
| Peasant | 14 | |
| Footman | 4 | |
| Goblin Shredder | 3 | |
| Goblin Zeppelin | 1 | |
| Sorceress | 6 | |
| Dragonhawk Rider | 3 | |
| Goblin Sapper | 6 | |
| Gryphon Rider | 2 | |
| Knight | 1 | |
40 total
» upgrades
| Swords | 3 | |
| Armor | 3 | |
| Masonry | 3 | |
| Sorceress Training | 2 | |
| Magic Sentry | 1 | |
| Lumber Harvesting | 2 | |
| Animal War Training | 1 | |
| Cloud | 1 | |
| Storm Hammers | 1 | |
| Backpack | 1 | |
| Priest Training | 2 | |
| Control Magic | 1 | |
| Plating | 2 | |
| Gunpowder | 2 | |
| Long Rifles | 2 | |
| Defend | 1 | |
28 total
» buildings
| Barracks | 1 | |
| Altar of Kings | 1 | |
| Farm | 13 | |
| Blacksmith | 1 | |
| Lumber Mill | 1 | |
| Arcane Vault | 1 | |
| Town Hall | 2 | |
| Scout Tower | 29 | |
| Keep | 2 | |
| Arcane Tower | 9 | |
| Guard Tower | 43 | |
| Castle | 4 | |
| Arcane Sanctum | 1 | |
| Gryphon Aviary | 5 | |
113 total
» build order
01:02 Barracks
01:04 Altar of Kings
01:06 Farm
01:15 Farm
01:53 Farm
02:27 Farm
02:38 Farm
02:46 Blacksmith
03:35 Lumber Mill
04:20 Arcane Vault
04:24 Town Hall
05:32 Scout Tower
05:57 Scout Tower
06:01 Keep
06:02 Keep
06:04 Arcane Tower
06:04 Arcane Tower
06:04 Arcane Tower
06:26 Guard Tower
06:32 Farm
07:45 Scout Tower
07:48 Scout Tower
07:54 Scout Tower
07:56 Scout Tower
07:59 Scout Tower
08:11 Scout Tower
08:13 Scout Tower
08:16 Guard Tower
08:17 Guard Tower
08:23 Guard Tower
08:23 Guard Tower
08:23 Guard Tower
08:23 Guard Tower
08:24 Guard Tower
08:26 Guard Tower
08:26 Guard Tower
08:26 Guard Tower
08:29 Guard Tower
08:29 Guard Tower
08:47 Guard Tower
08:47 Guard Tower
09:44 Castle
09:44 Castle
09:45 Castle
09:55 Arcane Sanctum
10:16 Guard Tower
11:10 Scout Tower
11:11 Scout Tower
11:14 Scout Tower
11:14 Scout Tower
11:16 Scout Tower
11:17 Scout Tower
11:22 Scout Tower
11:45 Guard Tower
11:45 Guard Tower
11:46 Guard Tower
11:46 Guard Tower
11:46 Guard Tower
11:46 Guard Tower
11:47 Guard Tower
11:47 Guard Tower
11:47 Guard Tower
11:49 Scout Tower
11:52 Scout Tower
11:55 Scout Tower
12:30 Arcane Tower
12:31 Arcane Tower
12:31 Arcane Tower
12:39 Gryphon Aviary
12:40 Gryphon Aviary
12:41 Gryphon Aviary
12:42 Gryphon Aviary
12:42 Gryphon Aviary
12:57 Arcane Tower
12:58 Guard Tower
13:36 Scout Tower
13:37 Scout Tower
13:39 Scout Tower
13:40 Scout Tower
13:40 Scout Tower
13:41 Scout Tower
14:46 Guard Tower
14:47 Guard Tower
18:54 Farm
18:55 Farm
18:56 Farm
18:57 Farm
18:58 Farm
18:59 Farm
18:59 Farm
24:22 Town Hall
24:25 Scout Tower
24:26 Scout Tower
24:27 Scout Tower
24:28 Scout Tower
25:00 Guard Tower
» items
| Scroll of Regeneration | 11 | |
| Ivory Tower | 3 | |
| Boots of Speed | 1 | |
| Periapt of Vitality | 1 | |
| Staff of Teleportation | 1 | |
| Potion of Invisibility | 2 | |
| Lesser Clarity Potion | 5 | |
| Scroll of Town Portal | 6 | |
| Potion of Healing | 1 | |
| Staff of Sanctuary | 1 | |
32 total

»
lt.Shipwreck (
teal | 46 APM | 1150 actions | 25:00)
6 Tauren Chieftain
1 War Stomp
3 Endurance Aura
1 Shockwave
1 Reincarnation
» actions
| Basic commands | 4 | |
| Build / train | 110 | |
| Enter build submenu | 49 | |
| Enter hero's abilities submenu | 7 | |
| Give item / drop item | 3 | |
| Right click | 495 | |
| Select / deselect | 366 | |
| Use ability | 116 | |
1150 total
» units
| Peon | 22 | |
| Grunt | 5 | |
| Goblin Shredder | 1 | |
| Troll Witch Doctor | 7 | |
| Shaman | 8 | |
| Spirit Walker | 4 | |
| Tauren | 5 | |
52 total
» upgrades
| Melee Weapons | 3 | |
| Armor | 3 | |
| Spiked Barricades | 3 | |
| Witch Doctor Training | 2 | |
| Shaman Training | 2 | |
| Pillage | 1 | |
| Reinforced Defenses | 1 | |
| Spirit Walker Training | 2 | |
| Pulverize | 1 | |
| Ranged Weapons | 2 | |
| Burning Oil | 1 | |
| Berserker Upgrade | 1 | |
| Troll Regeneration | 1 | |
| Berserker Strength | 1 | |
| Backpack | 1 | |
| Envenomed Spears | 1 | |
| Ensnare | 1 | |
| War Drums Damage Increase | 1 | |
| Liquid Fire | 1 | |
29 total
» buildings
| Altar of Storms | 1 | |
| Orc Burrow | 6 | |
| Barracks | 1 | |
| War Mill | 1 | |
| Voodoo Lounge | 1 | |
| Watch Tower | 31 | |
| Stronghold | 4 | |
| Spirit Lodge | 2 | |
| Great Hall | 2 | |
| Fortress | 2 | |
| Tauren Totem | 2 | |
| Beastiary | 1 | |
54 total
» build order
00:23 Altar of Storms
00:40 Orc Burrow
00:53 Barracks
01:40 Orc Burrow
02:01 War Mill
02:21 Voodoo Lounge
02:58 Orc Burrow
03:41 Watch Tower
04:03 Watch Tower
05:04 Stronghold
05:36 Watch Tower
06:04 Watch Tower
06:50 Orc Burrow
08:19 Watch Tower
09:52 Spirit Lodge
11:11 Great Hall
11:13 Watch Tower
11:16 Watch Tower
11:23 Watch Tower
11:59 Watch Tower
12:12 Watch Tower
12:55 Fortress
13:22 Spirit Lodge
16:05 Watch Tower
16:27 Tauren Totem
16:57 Tauren Totem
17:05 Orc Burrow
17:50 Orc Burrow
20:31 Watch Tower
23:04 Watch Tower
23:37 Great Hall
24:33 Watch Tower
24:56 Beastiary
25:00 Fortress
» items
| Healing Salve | 3 | |
| Lesser Clarity Potion | 1 | |
| Scroll of Speed | 2 | |
| Potion of Mana | 2 | |
| Scroll of Town Portal | 3 | |
| Orb of Lightning | 1 | |
| Orb of Fire | 1 | |
| Tiny Great Hall | 1 | |
14 total

»
Code-Blue (
purple | 28 APM | 699 actions | 25:00)
7 Dreadlord
3 Carrion Swarm
3 Vampiric Aura
1 Inferno
» actions
| Assign group hotkey | 19 | |
| Basic commands | 101 | |
| Build / train | 71 | |
| ESC pressed | 3 | |
| Enter build submenu | 29 | |
| Enter hero's abilities submenu | 7 | |
| Remove unit from queue | 1 | |
| Right click | 113 | |
| Select / deselect | 213 | |
| Select group hotkey | 103 | |
| Use ability | 39 | |
699 total
» units
| Acolyte | 16 | |
| Ghoul | 5 | |
| Crypt Fiend | 6 | |
| Frost Wyrm | 16 | |
43 total
» upgrades
| Web | 1 | |
| Creature Attack | 2 | |
| Freezing Breath | 1 | |
| Creature Carapace | 2 | |
6 total
» buildings
| Altar of Darkness | 1 | |
| Ziggurat | 14 | |
| Crypt | 1 | |
| Graveyard | 1 | |
| Nerubian Tower | 2 | |
| Halls of the Dead | 2 | |
| Black Citadel | 2 | |
| Sacrificial Pit | 1 | |
| Boneyard | 3 | |
| Spirit Tower | 7 | |
| Necropolis | 1 | |
35 total
» build order
00:39 Altar of Darkness
00:52 Ziggurat
01:10 Crypt
01:39 Graveyard
02:06 Nerubian Tower
02:32 Ziggurat
03:57 Halls of the Dead
04:57 Ziggurat
05:26 Ziggurat
06:23 Black Citadel
06:29 Sacrificial Pit
08:58 Boneyard
09:08 Boneyard
09:38 Spirit Tower
10:28 Ziggurat
10:31 Ziggurat
10:35 Ziggurat
10:40 Ziggurat
10:44 Ziggurat
11:20 Spirit Tower
11:28 Nerubian Tower
11:31 Spirit Tower
11:33 Spirit Tower
11:36 Spirit Tower
16:09 Boneyard
19:53 Necropolis
23:59 Ziggurat
24:01 Ziggurat
24:06 Ziggurat
24:09 Ziggurat
25:00 Black Citadel
team 2 (loser)

»
AUDUSD (
green | 47 APM | 1073 actions | 22:54)
5 Death Knight
3 Death Coil
2 Unholy Aura
» actions
| Assign group hotkey | 30 | |
| Basic commands | 14 | |
| Build / train | 60 | |
| Enter build submenu | 18 | |
| Enter hero's abilities submenu | 5 | |
| Remove unit from queue | 1 | |
| Right click | 430 | |
| Select / deselect | 200 | |
| Select group hotkey | 272 | |
| Use ability | 43 | |
1073 total
» units
| Acolyte | 11 | |
| Ghoul | 7 | |
| Frost Wyrm | 4 | |
22 total
» upgrades
| Cannibalize | 1 | |
| Unholy Armor | 1 | |
| Unholy Strength | 1 | |
| Ghoul Frenzy | 1 | |
| Creature Carapace | 2 | |
| Creature Attack | 2 | |
| Burrow | 1 | |
| Web | 1 | |
| Freezing Breath | 1 | |
11 total
» buildings
| Crypt | 2 | |
| Ziggurat | 6 | |
| Altar of Darkness | 1 | |
| Halls of the Dead | 1 | |
| Graveyard | 1 | |
| Necropolis | 1 | |
| Black Citadel | 5 | |
| Sacrificial Pit | 1 | |
| Boneyard | 4 | |
| Nerubian Tower | 1 | |
| Spirit Tower | 1 | |
| Tomb of Relics | 1 | |
25 total
» build order
01:01 Crypt
01:07 Crypt
01:11 Ziggurat
01:19 Altar of Darkness
01:37 Ziggurat
02:36 Ziggurat
03:44 Halls of the Dead
04:08 Graveyard
05:50 Necropolis
06:16 Black Citadel
06:16 Black Citadel
06:17 Black Citadel
06:17 Black Citadel
06:17 Black Citadel
07:23 Ziggurat
07:25 Ziggurat
09:47 Sacrificial Pit
12:23 Boneyard
12:25 Boneyard
12:28 Boneyard
12:32 Boneyard
12:46 Ziggurat
12:51 Nerubian Tower
12:53 Spirit Tower
13:13 Tomb of Relics
» items
| Orb of Corruption | 1 | |
| Sacrificial Skull | 1 | |
| Potion of Healing | 1 | |
| Scroll of Town Portal | 1 | |
4 total

»
HappyNoodleBoy (
yellow | 33 APM | 794 actions | 23:58)
5 Blademaster
2 Wind Walk
3 Critical Strike
4 Shadow Hunter
2 Healing Wave
2 Hex
» actions
| Basic commands | 61 | |
| Build / train | 77 | |
| Enter build submenu | 21 | |
| Enter hero's abilities submenu | 9 | |
| Give item / drop item | 8 | |
| Remove unit from queue | 1 | |
| Right click | 201 | |
| Select / deselect | 340 | |
| Use ability | 76 | |
794 total
» units
| Peon | 14 | |
| Troll Headhunter/Berserker | 12 | |
| Shaman | 10 | |
| Demolisher | 3 | |
39 total
» upgrades
| Ranged Weapons | 3 | |
| Armor | 3 | |
| Troll Regeneration | 1 | |
| Shaman Training | 2 | |
| Berserker Upgrade | 1 | |
| Burning Oil | 1 | |
11 total
» buildings
| Altar of Storms | 1 | |
| Orc Burrow | 8 | |
| War Mill | 1 | |
| Barracks | 3 | |
| Voodoo Lounge | 1 | |
| Stronghold | 1 | |
| Great Hall | 1 | |
| Watch Tower | 4 | |
| Spirit Lodge | 1 | |
| Fortress | 1 | |
22 total
» build order
00:10 Altar of Storms
00:12 Orc Burrow
00:54 War Mill
01:40 Barracks
01:43 Barracks
02:08 Orc Burrow
03:56 Voodoo Lounge
04:07 Orc Burrow
05:27 Stronghold
06:54 Great Hall
07:12 Watch Tower
07:18 Watch Tower
08:00 Watch Tower
08:02 Watch Tower
08:27 Orc Burrow
08:41 Orc Burrow
10:42 Orc Burrow
11:17 Spirit Lodge
11:53 Orc Burrow
12:11 Fortress
13:36 Barracks
18:05 Orc Burrow
» items
| Healing Salve | 1 | |
| Lesser Clarity Potion | 1 | |
| Circlet of Nobility | 2 | |
| Periapt of Vitality | 1 | |
| Potion of Mana | 1 | |
| Scroll of Town Portal | 5 | |
| Orb of Lightning | 2 | |
13 total
HEIL_H1TLER (
red | 97 APM | 2421 actions | 25:00)
4 Archmage
2 Blizzard
2 Brilliance Aura
» actions
| Assign group hotkey | 418 | |
| Basic commands | 98 | |
| Build / train | 80 | |
| ESC pressed | 6 | |
| Enter build submenu | 19 | |
| Enter hero's abilities submenu | 4 | |
| Right click | 1062 | |
| Select / deselect | 281 | |
| Select group hotkey | 324 | |
| Use ability | 129 | |
2421 total
» units
| Peasant | 16 | |
| Sorceress | 3 | |
| Mortar Team | 23 | |
42 total
» upgrades
| Lumber Harvesting | 1 | |
| Sorceress Training | 1 | |
| Gunpowder | 3 | |
| Flare | 1 | |
| Magic Sentry | 1 | |
7 total
» buildings
| Altar of Kings | 1 | |
| Farm | 7 | |
| Lumber Mill | 1 | |
| Scout Tower | 4 | |
| Arcane Tower | 1 | |
| Keep | 4 | |
| Guard Tower | 3 | |
| Arcane Sanctum | 1 | |
| Blacksmith | 2 | |
| Workshop | 2 | |
| Arcane Vault | 2 | |
| Castle | 2 | |
30 total
» build order
00:06 Altar of Kings
00:12 Farm
01:49 Lumber Mill
01:56 Scout Tower
02:26 Arcane Tower
02:46 Keep
02:47 Keep
02:47 Keep
03:16 Scout Tower
03:17 Scout Tower
03:20 Farm
03:21 Farm
03:22 Farm
04:01 Guard Tower
04:03 Guard Tower
04:15 Scout Tower
04:46 Guard Tower
05:09 Arcane Sanctum
05:12 Blacksmith
05:38 Farm
06:11 Blacksmith
06:53 Workshop
06:55 Workshop
08:38 Farm
10:57 Farm
11:59 Arcane Vault
13:02 Arcane Vault
17:25 Castle
17:26 Castle
» items
| Boots of Speed | 1 | |
| Staff of Teleportation | 1 | |
| Healing Salve | 1 | |
| Scroll of Town Portal | 5 | |
| Scroll of Regeneration | 2 | |
| Potion of Healing | 4 | |
| Potion of Lesser Invulnerability | 1 | |
15 total
stonewalldavis (
blue | 48 APM | 1204 actions | 25:00)
6 Demon Hunter
3 Immolation
2 Mana Burn
1 Metamorphosis
4 Priestess of the Moon
2 Trueshot Aura
2 Searing Arrows
1 Death Knight
1 Unholy Aura
» actions
| Build / train | 84 | |
| Enter build submenu | 27 | |
| Enter hero's abilities submenu | 12 | |
| Give item / drop item | 1 | |
| Remove unit from queue | 2 | |
| Right click | 595 | |
| Select / deselect | 424 | |
| Use ability | 59 | |
1204 total
» units
| Wisp | 22 | |
| Archer | 6 | |
| Huntress | 3 | |
| Druid of the Claw | 9 | |
| Dryad | 14 | |
| Hippogryph | 3 | |
57 total
» upgrades
| Strength of the Wild | 1 | |
| Reinforced Hides | 1 | |
| Druid of the Claw Training | 2 | |
| Abolish Magic | 1 | |
| Mark of the Claw | 1 | |
6 total
» buildings
| Altar of Elders | 1 | |
| Moon Well | 7 | |
| Ancient of War | 1 | |
| Hunter's Hall | 1 | |
| Tree of Ages | 1 | |
| Ancient of Wonders | 1 | |
| Tree of Eternity | 1 | |
| Ancient of Lore | 2 | |
| Ancient of Wind | 2 | |
| Tree of Life | 2 | |
| Ancient Protector | 1 | |
| Orc Burrow | 1 | |
| Voodoo Lounge | 1 | |
22 total
» build order
00:10 Altar of Elders
00:44 Moon Well
01:22 Ancient of War
01:46 Moon Well
02:56 Moon Well
03:50 Moon Well
04:19 Hunter's Hall
04:59 Tree of Ages
05:06 Moon Well
06:19 Moon Well
06:33 Moon Well
07:07 Ancient of Wonders
07:54 Tree of Eternity
08:05 Ancient of Lore
08:16 Ancient of Lore
10:20 Ancient of Wind
10:35 Ancient of Wind
12:52 Tree of Life
17:03 Tree of Life
17:36 Ancient Protector
25:00 Voodoo Lounge
» items
Chat log
(00:13 / All) KuKuKu: I remember you audusd, you still play sir?
(00:24 / All) AUDUSD: yes sir
(00:40 / All) KuKuKu: I hope wc3 never dies
(00:43 / All) KuKuKu: Best RTS of all time
(00:49 / All) HEIL_H1TLER: ZIEG
(00:53 / All) KuKuKu: this game truly is something
(00:58 / All) KuKuKu: Hail again kamerad
(01:01 / All) HappyNoodleBoy: wtb wc4
(01:12 / All) KuKuKu: I'm kind of worried they'd fuck wc4 up
(01:28 / All) HappyNoodleBoy: i just want WC3 w/ updated graphics
(01:40 / All) HEIL_H1TLER: shut up naab
(01:41 / All) KuKuKu: Me too, and new maps
(01:43 / All) KuKuKu: maybe a couple new units
(01:43 / All) HEIL_H1TLER: i dont care
(01:49 / All) KuKuKu: I'd worry they'd ruin the game if they did more
(04:05 / All) HEIL_H1TLER: what a noob
(04:12 / All) KuKuKu: Who?
(04:31 / All) stonewalldavis: i dont have on eyt either shut up red
(05:16 / All) stonewalldavis: no your an annoying bitch
(05:26 / All) KuKuKu: Heil_Hitler is cool I played with him once before
(06:51 / All) stonewalldavis: fuck off you used all my moon well
(14:50 / Allies) KuKuKu: wyrms
(14:51 / Allies) KuKuKu: mass wyrms
(14:55 / Allies) KuKuKu: 4 boneyards pumping
(15:13 / Allies) lt.Shipwreck: im out
(15:17 / Allies) KuKuKu: why
(15:31 / Allies) lt.Shipwreck: only had hero left
(15:33 / Allies) KuKuKu: it's not over yet wtf
(15:35 / Allies) KuKuKu: don't leave
(15:49 / Allies) lt.Shipwreck: dude my hero was almost dead
(15:53 / Allies) lt.Shipwreck: that was all that was left
(15:59 / Allies) KuKuKu: uhh you have an expo you can rebuild man
(16:02 / Allies) KuKuKu: it's not over
(16:02 / Allies) KuKuKu: stay
(18:55 / Allies) Code-Blue: pink can I have a little wood
(19:04 / Allies) KuKuKu: there you go sir
(19:16 / Allies) KuKuKu: if we survive their next push we win
(22:52 / Allies) KuKuKu: Mind if I take this teal or should I try elsewhere?
(22:58 / Allies) KuKuKu: not sure if your tower measn you going for it or not
(23:07 / Allies) lt.Shipwreck: im taking
(23:09 / Allies) KuKuKu: k
(25:00 / All) lt.Shipwreck: well mr.asshurt iv got 128 hours to waste